 Dungeon Crawl Stone Soup version 0.17-a0-957-ga3519be (webtiles) character file.

36 laxity the Magician (level 3, 0/19 HPs)
             Began as a Deep Elf Fire Elementalist on May 8, 2015.
             Slain by a jackal (1 damage)
             ... on level 2 of the Dungeon.
             The game lasted 00:02:34 (1845 turns).

laxity the Magician (Deep Elf Fire Elementalist)    Turns: 1845, Time: 00:02:34

Health: 0/19       AC:  2    Str:  5    XL:     3   Next: 19%
Magic:  3/10       EV: 13    Int: 20    God:
Gold:   109        SH:  0    Dex: 15    Spells: 3 memorised, 4 levels left

rFire  . . .     SeeInvis .     f - -1 dagger (curse)
rCold  . . .     Clarity  .     a - +0 robe
rNeg   . . .     SustAb   .     (no shield)
rPois  .         Gourm    .     (no helmet)
rElec  .         Spirit   .     (no cloak)
rCorr  .         Warding  .     (no gloves)
rMut   .         Stasis   .     (no boots)
MR     .....                    e - amulet of faith
Stlth  ++........               (no ring)
                                o - ring of teleport control

@: very slightly contaminated, hasted, very quick, not resistant to hostile
enchantments, unstealthy
A: no striking features
a: Evoke Teleport Control


You were on level 2 of the Dungeon.
You were hungry.

You visited 1 branch of the dungeon, and saw 3 of its levels.

You collected 109 gold pieces.

Inventory:

Hand weapons
 f - a cursed -1 dagger (weapon)
Armour
 a - a +0 robe (worn)
Jewellery
 e - an amulet of faith (around neck)
 o - a ring of teleport control (left hand)
Scrolls
 h - a scroll of teleportation {unknown}
 j - 3 scrolls of enchant weapon {unknown}
 l - 2 scrolls of amnesia {unknown}
Potions
 g - a potion of lignification {unknown}
 i - a potion of mutation {unknown}
 m - 2 potions of haste
 n - a potion of curing {unknown}
Books
 b - a book of Flames

   Spells                             Type                      Level
   a - Flame Tongue                   Conjuration/Fire             1
   b - Throw Flame                    Conjuration/Fire             2
   c - Conjure Flame                  Conjuration/Fire             3
   d - Inner Flame                    Hexes/Fire                   3
   e - Sticky Flame                   Conjuration/Fire             4
   f - Fireball                       Conjuration/Fire             5
Comestibles
 c - 3 bread rations
 d - a beef jerky
 k - a meat ration


   Skills:
 - Level 2.4 Dodging
 - Level 2.4 Stealth
 + Level 4.0 Spellcasting
 + Level 1.8 Conjurations
 + Level 3.8 Fire Magic


You had 4 spell levels left.
You knew the following spells:

 Your Spells              Type           Power        Failure   Level  Hunger
a - Flame Tongue          Conj/Fire      ###..        4%          1    None
b - Throw Flame           Conj/Fire      ###...       10%         2    #......
c - Conjure Flame         Conj/Fire      ###.....     14%         3    ###....


Dungeon Overview and Level Annotations

Branches:
Dungeon (3/15)

Altars:
Kikubaaqudgha


Message History

The jackal bites you but does no damage.
The jackal bites you.
* * * LOW HITPOINT WARNING * * *
The jackal barely misses you. The hobgoblin closely misses you.
The jackal bites you but does no damage.
The jackal closely misses you. The jackal barely misses you.
There is a stone staircase leading up here.
The jackal bites you but does no damage.
The jackal bites you.
* * * LOW HITPOINT WARNING * * *
The jackal barely misses you. The jackal bites you.
* * * LOW HITPOINT WARNING * * *
You climb upwards.
There is a stone staircase leading down here.
Unknown command.
Unknown command.
Drink which item? (? for menu, Esc to quit)
It was a potion of haste.
You feel yourself speed up. The jackal misses you. The jackal bites you.
You die...

..#.............# #.##.#..###.#
.......#..#.###.# #.##.#..# #..
..#.##....#.###.# #...(...###.#
.##.###.......#.# ###.........#
.##.#####.#.#.#.# #..##.#####
.##.........#.#.## #..##.#
'########........# ##..##.# #
..## #......h.# #...##.# ## ...##
#.####.#@# #..###.# ##. ....##
#..###.#h# #...##.###..
.....####...#..#.#####....#.##...
.....'.......................'...
.....####........####.#.(.####...
....## ##.##.######.###.### ##..
...## ####.# ##.## ##..# ##. ..##
#.# #.## ##.# ## +## #.# ##.##
##..# #


You could see 2 jackals.

Vanquished Creatures
  A worm (D:2)
  2 giant geckos
  A giant cockroach (D:2)
  3 hobgoblins
  2 jackals
  4 bats
  8 goblins
  2 kobolds
  6 rats
29 creatures vanquished.

Notes
Turn   | Place    | Note
--------------------------------------------------------------
     0 | D:1      | laxity, the Deep Elf Fire Elementalist, began the quest for the Orb.
     0 | D:1      | Reached XP level 1. HP: 10/10 MP: 6/6
   326 | D:1      | Reached XP level 2. HP: 15/15 MP: 5/8
   333 | D:1      | Learned a level 2 spell: Throw Flame
  1154 | D:2      | Found an ancient bone altar of Kikubaaqudgha.
  1282 | D:2      | Reached skill level 4 in Spellcasting
  1343 | D:2      | Reached XP level 3. HP: 19/19 MP: 8/10
  1348 | D:2      | Learned a level 3 spell: Conjure Flame
  1845 | D:2      | Slain by a jackal

Action                   || total
-------------------------++-------
Melee: Dagger            ||     1
 Cast: Flame Tongue      ||    50
  Use: Potion            ||     1
  Eat: Chunk             ||     2
